AoeStats
← hightower_208

Arena

506688552Analyzed
2v2 RM · 19d ago on Sep 14, 2026· 22m 11s· 4 players
Game mode
Random Map
Map size
Medium (4 player)
Population
200
Speed
Normal
Resources
Standard
Victory
Conquest
Starting age
Dark Age
Ending age
Imperial Age
RankedLock teamsTeams togetherTeam positionsShared explorationLock speedFull tech treeHidden civsTurbo modeCheats
Victory
Defeat
🇩🇪 Huns · Germany
1677
+7
🇩🇪 Wei · Germany
1606
+10
🇮🇪 Celts · Ireland
1472
-9
🇬🇧 Italians · United Kingdom
1449
-8
Mjoelnir
11:14 Feudal Age
11:57 Double-Bit Axe
14:50 Castle Age
12:58 Horse Collar
14:04 Gold Mining
15:53 Bow Saw
16:28 Scale Barding Armor
18:39 Loom
20:41 Chain Barding Armor
21:11 Forging
hightower_208
10:01 Feudal Age
8:30 Loom
10:19 Feudal Age
9:07 Loom
11:43 Double-Bit Axe
14:14 Castle Age
13:29 Gold Mining
15:42 Bow Saw
The O.G. Manbeast
10:39 Feudal Age
11:12 Feudal Age
15:19 Castle Age
13:11 Loom
14:56 Double-Bit Axe
14:54 Horse Collar
16:53 Fletching
domhusk
10:48 Feudal Age
14:39 Castle Age
13:33 Double-Bit Axe
14:20 Horse Collar
15:00 Loom
15:45 Scale Mail Armor
17:42 Bow Saw
22:27 Forging
Connection lost

Rejoining the realm…

Still unreachable

The connection could not be restored.

Session expired

The server has moved on; the page needs a fresh start.